 Dungeon Crawl Stone Soup version 0.17.0-28-g6e173f8 (webtiles) character file.

56 dohliylev the Sneak (level 3, -3/27 HPs)
             Began as a Vampire Assassin on Nov 28, 2015.
             Killed from afar by Robin (7 damage)
             ... with a wand of magic darts
             ... on level 2 of the Dungeon.
             The game lasted 00:05:48 (1011 turns).

dohliylev the Sneak (Vampire Assassin)              Turns: 1011, Time: 00:05:48

Health: -3/27      AC:  0    Str:  5    XL:     3   Next: 71%
Magic:  1/3        EV: 19    Int: 13    God:
Gold:   49         SH:  0    Dex: 21    Spells: 0 memorised, 2 levels left

rFire  . . .     SeeInvis +     (weapon currently unavailable)
rCold  . . .     Clarity  .     (armour currently unavailable)
rNeg   + . .     SustAt   .     (shield currently unavailable)
rPois  .         Gourm    .     (helmet currently unavailable)
rElec  .         Spirit   .     (cloak currently unavailable)
rCorr  .         Warding  .     (gloves currently unavailable)
rMut   .         Stasis   .     (boots currently unavailable)
MR     .....                    (no amulet)
Stlth  +++++.....               (ring currently unavailable)
                                (ring currently unavailable)

@: bat-form, flying, very quick, not resistant to hostile enchantments, quite
stealthy
A: (fangs 0), see invisible, (unbreathing)
a: End Transformation


You were on level 2 of the Dungeon.
You were not thirsty.
You were in vampire-bat-form.
You visited 1 branch of the dungeon, and saw 2 of its levels.

You collected 49 gold pieces.

Inventory:

Hand Weapons
 a - a +1 dagger of pain
 b - a +0 blowgun
 m - a +4 dagger (melded)
Missiles
 e - 3 poisoned needles
 f - 2 curare-tipped needles
Armour
 c - a +0 robe (melded)
 d - a +0 cloak (melded)
Scrolls
 h - 2 scrolls of magic mapping {unknown}
 i - a scroll of identify {unknown}
Potions
 g - 13 potions of blood
 j - a potion of flight {unknown}
 k - a potion of cancellation {unknown}
 l - a potion of heal wounds {unknown}
 n - a potion of haste {unknown}
 o - a potion of curing {unknown}
 p - a potion of mutation {unknown}


   Skills:
 + Level 2.1 Fighting
 + Level 2.3 Short Blades
 + Level 1.9 Throwing
 + Level 1.5 Dodging
 + Level 7.3 Stealth


You had 2 spell levels left.
You didn't know any spells.

Dungeon Overview and Level Annotations

Branches:
Dungeon (2/15)

Altars:

Annotations:
D:2 Robin


Innate Abilities, Weirdness & Mutations

((You have razor-sharp teeth.))
You have supernaturally acute eyesight.
((You can survive without breathing.))


Message History

You are no longer poisoned.
You start resting.
HP restored.
You see here a club.
There is an escape hatch in the floor here.
You slide downwards.
The hatch slams shut behind you.
Level annotation: Robin Robin roars a battlecry!
The hobgoblins go into a battle-frenzy!
You turn into a vampire bat.
Your +4 dagger melds into your body.
Your +0 cloak melds into your body.
Your +0 robe melds into your body.
Robin zaps a wand.
The magic dart hits you!
It is a wand of magic darts.
The hobgoblin hits you. The hobgoblin misses you.
Robin zaps a wand.
The magic dart hits you!
Robin zaps a wand.
The magic dart hits you!
* * * LOW HITPOINT WARNING * * *
You see here a club.
Robin zaps a wand.
The magic dart hits you!
You die...

#..###.(...>#
##.#....
#..........####.#....
####....%....#.....%.
.# #...)...#.........
.. #..)....###.......
#. #.........).......
#..####
####.......##....####
#...<#
##..#.<.....###....#
####.###...(b......#
##..##
#..).g..).......# ###
####..g...#######
#..g...# #......#
#.g....# ##....##
##..## ####


You could see Robin and 3 hobgoblins.

Vanquished Creatures
  A gnoll (D:1)
  An adder (D:2)
  A worm (D:2)
  5 bats
  2 giant cockroaches (D:1)
  12 goblins
  6 hobgoblins
  3 kobolds
  2 rats
33 creatures vanquished.

Notes
Turn   | Place    | Note
--------------------------------------------------------------
     0 | D:1      | dohliylev the Vampire Assassin began the quest for the Orb.
     0 | D:1      | Reached XP level 1. HP: 16/16 MP: 1/1
    52 | D:1      | Reached skill level 6 in Stealth
   172 | D:1      | Reached XP level 2. HP: 22/22 MP: 2/2
   395 | D:1      | Reached XP level 3. HP: 15/27 MP: 3/3
   524 | D:2      | Reached skill level 7 in Stealth
   608 | D:2      | Noticed Robin
  1011 | D:2      | Killed from afar by Robin

Action                   || total
-------------------------++-------
Melee: Dagger            ||    75
 Fire: Blowgun           ||    12
 Abil: Bat Form          ||     2
       End Transformatio ||     1
 Stab: Sleeping          ||     8
